[Event "European Online Club-ch-H 2021"]
[Site "Online"]
[Date "2021.03.27"]
[Round "5.12"]
[White "Brodsky, Michail"]
[Black "Arndt, Magnus"]
[Result "0-1"]
[ECO "E49"]
[WhiteElo "2524"]
[BlackElo "2282"]
[Annotator "ChessBase"]
[PlyCount "88"]
[EventDate "2021.03.27"]
[EventType "team-tourn"]
[EventCountry "NET"]
[SourceTitle "playchess.com"]
[Source "ChessBase"]
[SourceQuality "1"]
[TimeControl "900+5"]

1. d4 Nf6 2. c4 e6 3. Nc3 Bb4 4. f3 d5 5. a3 Bxc3+ 6. bxc3 c5 7. cxd5 exd5 8. e3 O-O 9. Bd3 b6 10. Ne2 Ba6 11. O-O Bxd3 12. Qxd3 Re8 13. Ng3 Nc6 14. Bb2 Rc8 15. Rae1 Qd7 16. e4 cxd4 17. cxd4 dxe4 18. fxe4 Ne5 19. Qd1 Nc4 20. Bc1 Rcd8 21. e5 Nd5 22. Qd3 b5 23. Rd1 Re6 24. Ne4 Rg6 25. Qf3 h6 26. h4 a5 27. h5 Rb6 28. Nc5 Qe7 29. Rde1 Nc7 30. Re4 Ne6 31. Nxe6 Qxe6 32. Rg4 Qd5 33. Qg3 Kh8 34. Kh1 Rg8 35. Qf2 b4 36. axb4 axb4 37. Rf4 b3 38. Bb2 Ra6 39. Rxf7 Ra2 40. Qg3 Rxb2 41. Qg6 Ne3 42. Rxg7 Qxg2+ 43. Qxg2 Rxg2 44. Rb7 Nxf1 0-1

[Event "European Online Club-ch-H 2021"]
[Site "Online"]
[Date "2021.03.27"]
[Round "5.13"]
[White "Vasli, Aref"]
[Black "Vaisser, Anatoly"]
[Result "0-1"]
[ECO "B30"]
[WhiteElo "2384"]
[BlackElo "2501"]
[Annotator "ChessBase"]
[PlyCount "132"]
[EventDate "2021.03.27"]
[EventType "team-tourn"]
[EventCountry "NET"]
[SourceTitle "playchess.com"]
[Source "ChessBase"]
[SourceQuality "1"]
[TimeControl "900+5"]

1. e4 c5 2. Nf3 Nc6 3. Bb5 e6 4. O-O Nge7 5. Re1 a6 6. Bf1 d5 7. exd5 Nxd5 8. d4 cxd4 9. Nxd4 Be7 10. Nxc6 bxc6 11. c4 Nb4 12. Qa4 O-O 13. a3 Nd3 14. Rd1 Nc5 15. Qc2 Qc7 16. b4 Nd7 17. Nc3 a5 18. Rb1 axb4 19. axb4 Rb8 20. c5 Nf6 21. Bc4 e5 22. Bg5 Bg4 23. Re1 Bh5 24. Rb3 Rfe8 25. h3 Bg6 26. Qe2 e4 27. Qe3 Rbd8 28. Bf4 Qa7 29. Rc1 Nh5 30. Bh2 Bf6 31. Ne2 h6 32. Rf1 Bg5 33. Qc3 Bd2 34. Qb2 e3 35. Bd6 exf2+ 36. Kxf2 Rxd6 37. Kg1 Be3+ 38. Rxe3 Rxe3 39. Ra1 Rxe2 40. Bxe2 Rd2 41. Qc3 Qd7 42. Ra8+ Kh7 43. Bf3 Nf4 44. b5 Be4 45. Bxe4+ Ng6 46. bxc6 Rd1+ 47. Kf2 Qe7 48. Bf3 Rb1 49. Ra4 Rb5 50. Rc4 Ne5 51. Qc2+ g6 52. Rc3 Nxf3 53. gxf3 Qh4+ 54. Kg2 Qg5+ 55. Kf1 Qg3 56. Rb3 Qxh3+ 57. Kg1 Qg3+ 58. Kf1 Ra5 59. Qc3 Ra2 60. Rb2 Ra1+ 61. Ke2 Qg2+ 62. Ke3 Qg1+ 63. Kd3 Qf1+ 64. Ke3 Re1+ 65. Kf4 Qh3 66. Qc2 Qh4# 0-1

[Event "European Online Club-ch-H 2021"]
[Site "Online"]
[Date "2021.03.27"]
[Round "5.14"]
[White "Roux, Olivier"]
[Black "Bromann, Thorbjorn"]
[Result "1/2-1/2"]
[ECO "B08"]
[WhiteElo "2156"]
[BlackElo "2392"]
[Annotator "NA"]
[PlyCount "140"]
[EventDate "2021.03.27"]
[EventType "team-tourn"]
[EventCountry "NET"]
[SourceTitle "playchess.com"]
[Source "ChessBase"]
[SourceQuality "1"]
[TimeControl "900+5"]

1. e4 g6 2. Nf3 Bg7 3. d4 d6 4. Be2 Nf6 5. Nc3 O-O 6. h3 Nc6 7. Be3 e5 8. dxe5 dxe5 9. Bc4 Qe7 10. Qe2 Be6 11. O-O Rfd8 12. Bg5 Nd4 13. Nxd4 exd4 14. Nb5 Bxc4 15. Qxc4 c6 16. Nxd4 Qxe4 17. c3 Qd5 18. Qxd5 Rxd5 19. Nf3 Ne4 20. Be3 a6 21. Rfd1 Rad8 22. Rxd5 Rxd5 23. Kf1 f5 24. a4 Nd6 25. Bd4 Nc4 26. b3 Na5 27. Rb1 Bxd4 28. cxd4 b5 29. Ke2 Nb7 30. Rc1 c5 31. axb5 axb5 32. Ke3 cxd4+ 33. Nxd4 Re5+ 34. Kd2 Nc5 35. f3 Rd5 36. Ke3 f4+ 37. Ke2 Re5+ 38. Kd2 Rg5 39. Rg1 b4 40. Kc2 Kf7 41. Nc6 Na6 42. Kd3 Rc5 43. Nd4 Rc3+ 44. Ke4 g5 45. Ra1 Nc5+ 46. Kf5 Rd3 47. Ra7+ Ke8 48. Nc6 Rd5+ 49. Kg4 Nd7 50. h4 Nf6+ 51. Kh3 Rd1 52. Kh2 g4 53. g3 Rd2+ 54. Kg1 fxg3 55. fxg4 Nxg4 56. Rxh7 Kf8 57. Re7 Rd6 58. Re4 Nf2 59. Rf4+ Kg7 60. Rc4 Nd1 61. Rg4+ Kh6 62. Nxb4 Ne3 63. Rxg3 Rd1+ 64. Kf2 Nf5 65. Rd3 Rxd3 66. Nxd3 Nd4 67. b4 Kh5 68. Ke3 Nc2+ 69. Kf4 Nxb4 70. Nxb4 Kxh4 1/2-1/2

[Event "European Online Club-ch-H 2021"]
[Site "Online"]
[Date "2021.03.27"]
[Round "5.15"]
[White "Aabling-Thomsen, Jakob"]
[Black "Kirszenberg, Marc"]
[Result "1-0"]
[ECO "B10"]
[WhiteElo "2348"]
[BlackElo "2130"]
[Annotator "NA"]
[PlyCount "109"]
[EventDate "2021.03.27"]
[EventType "team-tourn"]
[EventCountry "NET"]
[SourceTitle "playchess.com"]
[Source "ChessBase"]
[SourceQuality "1"]
[TimeControl "900+5"]

1. e4 c6 2. d3 d5 3. Nd2 e5 4. Ngf3 Bd6 5. g3 Nf6 6. Bg2 O-O 7. O-O Re8 8. Re1 Nbd7 9. Nh4 g6 10. Nf1 Qc7 11. h3 Bf8 12. Ne3 d4 13. Ng4 Nxg4 14. hxg4 Nc5 15. Rf1 Qd7 16. g5 Ne6 17. f4 exf4 18. gxf4 Qd8 19. Qe1 f5 20. gxf6 Qxf6 21. f5 Be7 22. Nxg6 hxg6 23. fxe6 Qxe6 24. Bd2 Qg4 25. Rf4 Qe6 26. Qf2 Rf8 27. Qxd4 Rxf4 28. Bxf4 b6 29. Qe5 Qxe5 30. Bxe5 Be6 31. d4 Rd8 32. c3 b5 33. b3 Ba3 34. Rd1 Bb2 35. d5 cxd5 36. exd5 Bf5 37. d6 b4 38. Bf6 Rd7 39. Bd5+ Kh7 40. Rd2 g5 41. Rxb2 Rxd6 42. Rf2 Rxf6 43. Rxf5 Rxf5 44. Be4 Kg6 45. cxb4 Kf6 46. Bxf5 Kxf5 47. b5 Ke5 48. a4 Kd5 49. Kg2 Kc5 50. Kg3 Kb4 51. Kg4 Kxb3 52. a5 Kb4 53. b6 axb6 54. axb6 Kc5 55. b7 1-0

[Event "European Online Club-ch-H 2021"]
[Site "Online"]
[Date "2021.03.27"]
[Round "5.17"]
[White "Kazakov, Mikhail"]
[Black "Manik, Mikulas"]
[Result "1/2-1/2"]
[ECO "E61"]
[WhiteElo "2516"]
[BlackElo "2353"]
[Annotator "ChessBase"]
[PlyCount "114"]
[EventDate "2021.03.27"]
[EventType "team-tourn"]
[EventCountry "NET"]
[SourceTitle "playchess.com"]
[Source "ChessBase"]
[SourceQuality "1"]
[TimeControl "900+5"]

1. d4 Nf6 2. c4 g6 3. Nc3 Bg7 4. Nf3 O-O 5. Bg5 h6 6. Bh4 c5 7. d5 d6 8. e4 g5 9. Bg3 Nh5 10. Nd2 Nxg3 11. hxg3 e6 12. Be2 a6 13. a4 Nd7 14. O-O exd5 15. cxd5 f5 16. exf5 Rxf5 17. Bg4 Rf8 18. Be6+ Kh8 19. Nc4 Ne5 20. Qb3 Bxe6 21. dxe6 Qe7 22. Nxe5 Bxe5 23. Rad1 Rae8 24. Nd5 Qxe6 25. Qxb7 Rb8 26. Qe7 Qxe7 27. Nxe7 Kg7 28. Nc6 Rxb2 29. Nxe5 dxe5 30. Rd5 Ra2 31. Rxc5 Rxa4 32. Rxe5 Ra2 33. f3 Rd8 34. Kh2 Rdd2 35. Rg1 Kf6 36. Rc5 Rac2 37. Rxc2 Rxc2 38. Ra1 Rc6 39. Ra5 Kg6 40. g4 Rb6 41. Kg3 Rf6 42. Kf2 h5 43. gxh5+ Kxh5 44. Kg3 Kg6 45. Rc5 Kh5 46. Ra5 Kg6 47. Ra4 Kh5 48. Kf2 Kg6 49. Ke3 Re6+ 50. Kf2 Rf6 51. g4 Rb6 52. Ra5 Rb2+ 53. Ke3 Rb3+ 54. Ke4 Rb4+ 55. Ke3 Rb3+ 56. Ke4 Rb4+ 57. Ke3 Rb3+ 1/2-1/2

[Event "European Online Club-ch-H 2021"]
[Site "Online"]
[Date "2021.03.27"]
[Round "5.18"]
[White "Danada, Tomas"]
[Black "Sabuk, Piotr"]
[Result "1/2-1/2"]
[ECO "A28"]
[WhiteElo "2321"]
[BlackElo "2366"]
[Annotator "NA"]
[PlyCount "128"]
[EventDate "2021.03.27"]
[EventType "team-tourn"]
[EventCountry "NET"]
[SourceTitle "playchess.com"]
[Source "ChessBase"]
[SourceQuality "1"]
[TimeControl "900+5"]

1. c4 e5 2. Nc3 Nf6 3. Nf3 Nc6 4. a3 g6 5. e4 Bg7 6. Be2 O-O 7. O-O Nd4 8. d3 Nxe2+ 9. Qxe2 Re8 10. b4 c6 11. c5 d5 12. cxd6 Qxd6 13. Rd1 Nd7 14. Be3 a5 15. b5 c5 16. Nd2 b6 17. Nc4 Qb8 18. Nd5 Ra7 19. a4 Rb7 20. Rac1 Nf8 21. f4 Be6 22. Qf3 Bxd5 23. exd5 Nd7 24. f5 e4 25. dxe4 Ne5 26. Nxe5 Qxe5 27. d6 Rd7 28. Bg5 Qxe4 29. Re1 Bd4+ 30. Kf1 Qxf3+ 31. gxf3 Rxe1+ 32. Rxe1 Rxd6 33. Re8+ Kg7 34. Rc8 gxf5 35. Rc6 Re6 36. Bd8 c4 37. Rxc4 Bc5 38. Bg5 Rg6 39. Bf4 Kf6 40. Ke2 Ke6 41. Rc1 Kd5 42. Rd1+ Kc4 43. Rd7 Re6+ 44. Kd1 Re7 45. Rd2 Bb4 46. Bd6 Bxd2 47. Bxe7 Bb4 48. Bd8 Bc5 49. Kc2 Kb4 50. Kd3 Kxa4 51. Kc4 Bg1 52. h3 Bc5 53. Bc7 Be3 54. Bd8 f4 55. Bc7 h5 56. Bd8 Ka3 57. Kc3 a4 58. Bc7 Ka2 59. Kc2 f6 60. Bd6 a3 61. Bc7 Ka1 62. Bd6 Ka2 63. Bc7 Ka1 64. Bd6 Ka2 1/2-1/2

[Event "European Online Club-ch-H 2021"]
[Site "Online"]
[Date "2021.03.27"]
[Round "5.19"]
[White "Valuet, Bertrand"]
[Black "Zambor, Norbert"]
[Result "1-0"]
[ECO "B31"]
[WhiteElo "2217"]
[BlackElo "2260"]
[Annotator "NA"]
[PlyCount "67"]
[EventDate "2021.03.27"]
[EventType "team-tourn"]
[EventCountry "NET"]
[SourceTitle "playchess.com"]
[Source "ChessBase"]
[SourceQuality "1"]
[TimeControl "900+5"]

1. e4 c5 2. Nf3 Nc6 3. Bb5 g6 4. Bxc6 dxc6 5. Nc3 Bg7 6. d3 e5 7. Be3 Qe7 8. h3 Nf6 9. Qd2 Nd7 10. O-O h6 11. Nh2 g5 12. Ne2 Nf8 13. Ng3 Ng6 14. Qc3 Bf8 15. Nh5 Be6 16. Ng4 Bxg4 17. hxg4 O-O-O 18. g3 Rg8 19. f3 Kb8 20. a3 a6 21. Rfb1 Rd4 22. b4 cxb4 23. Qb3 Rd8 24. axb4 Qe6 25. c4 Be7 26. Qc3 Qd6 27. Rb3 Rc8 28. Qb2 Nf8 29. b5 cxb5 30. cxb5 a5 31. Rxa5 Ne6 32. b6 Nd4 33. Ra8+ Kxa8 34. Qa2+ 1-0

[Event "European Online Club-ch-H 2021"]
[Site "Online"]
[Date "2021.03.27"]
[Round "5.20"]
[White "Kusiak, Matej"]
[Black "Santamaria, Jorge"]
[Result "1/2-1/2"]
[ECO "B11"]
[WhiteElo "2251"]
[BlackElo "2185"]
[Annotator "NA"]
[PlyCount "131"]
[EventDate "2021.03.27"]
[EventType "team-tourn"]
[EventCountry "NET"]
[SourceTitle "playchess.com"]
[Source "ChessBase"]
[SourceQuality "1"]
[TimeControl "900+5"]

1. e4 c6 2. Nc3 d5 3. Nf3 Bg4 4. Be2 e6 5. h3 Bxf3 6. Bxf3 Nf6 7. d3 Nbd7 8. O-O Be7 9. Re1 O-O 10. e5 Ne8 11. Bf4 a6 12. Bh2 Rc8 13. Ne2 b5 14. a4 Qb6 15. a5 Qd8 16. c3 c5 17. b3 Qc7 18. Nf4 Nxe5 19. Rxe5 Qxe5 20. Nxd5 Qg5 21. Bf4 Qxd5 22. Bxd5 exd5 23. Qf3 Nf6 24. Re1 Rfe8 25. g3 h6 26. Be5 Rcd8 27. Re2 Kf8 28. Kg2 Rd7 29. Qf5 Rdd8 30. Bc7 Rc8 31. Be5 Rcd8 32. g4 Kg8 33. Qf3 Nh7 34. Bf4 Kf8 35. Qg3 Bf6 36. Rxe8+ Rxe8 37. Bd6+ Kg8 38. c4 bxc4 39. bxc4 dxc4 40. dxc4 Bd4 41. Qf3 Ng5 42. Qd1 Re6 43. Bg3 Ne4 44. Qd3 Nxg3 45. Kxg3 Re1 46. Qf3 Re6 47. h4 g6 48. Qa8+ Kg7 49. Qd5 Re2 50. f4 Re3+ 51. Kg2 Re2+ 52. Kf3 Re3+ 53. Kg2 Re2+ 54. Kf1 Rf2+ 55. Ke1 Rxf4 56. g5 Rxh4 57. gxh6+ Rxh6 58. Ke2 Rh2+ 59. Kf3 Rf2+ 60. Kg3 Rf6 61. Qd8 Re6 62. Qd5 Re3+ 63. Kg2 Re6 64. Kg3 Kh6 65. Qd7 Kg7 66. Qd5 1/2-1/2

[Event "European Online Club-ch-H 2021"]
[Site "Online"]
[Date "2021.03.27"]
[Round "6.1"]
[White "Samani, Yamac"]
[Black "Manik, Mikulas"]
[Result "1/2-1/2"]
[ECO "B90"]
[WhiteElo "2246"]
[BlackElo "2353"]
[Annotator "NA"]
[PlyCount "84"]
[EventDate "2021.03.27"]
[EventType "team-tourn"]
[EventCountry "NET"]
[SourceTitle "playchess.com"]
[Source "ChessBase"]
[SourceQuality "1"]
[TimeControl "900+5"]

1. e4 c5 2. Nf3 d6 3. d4 cxd4 4. Nxd4 Nf6 5. Nc3 a6 6. Be3 e5 7. Nf3 Qc7 8. h3 Be7 9. g4 h6 10. g5 hxg5 11. Nxg5 Be6 12. Rg1 Bc4 13. Bxc4 Qxc4 14. Qf3 Nbd7 15. O-O-O Rc8 16. Kb1 Rf8 17. Rd2 Qb4 18. a3 Qa5 19. Nd5 Nxd5 20. Rxd5 Qc7 21. Rd2 b5 22. Qh5 Nf6 23. Qe2 Qc4 24. Qxc4 bxc4 25. c3 Rh8 26. f4 Rh4 27. Rf2 Rc6 28. fxe5 Nxe4 29. Nxe4 Rxe4 30. exd6 Rxe3 31. dxe7 g6 32. Rgf1 Rxe7 33. Rf6 Rxf6 34. Rxf6 Re6 35. Rf4 Rc6 36. Kc2 f5 37. h4 Kf7 38. Kd2 Kf6 39. Ke3 g5 40. hxg5+ Kxg5 41. Rd4 Re6+ 42. Kf3 Rb6 1/2-1/2

[Event "European Online Club-ch-H 2021"]
[Site "Online"]
[Date "2021.03.27"]
[Round "6.2"]
[White "Danada, Tomas"]
[Black "Agdelen, Huseyin Can"]
[Result "1-0"]
[ECO "E01"]
[WhiteElo "2321"]
[BlackElo "2206"]
[Annotator "NA"]
[PlyCount "117"]
[EventDate "2021.03.27"]
[EventType "team-tourn"]
[EventCountry "NET"]
[SourceTitle "playchess.com"]
[Source "ChessBase"]
[SourceQuality "1"]
[TimeControl "900+5"]

1. d4 d5 2. c4 e6 3. Nf3 Nf6 4. Nc3 c6 5. g3 dxc4 6. Bg2 Nbd7 7. O-O Bb4 8. Qc2 O-O 9. e4 h6 10. a4 a5 11. e5 Nd5 12. Nd2 f5 13. Nxc4 N7b6 14. Ne3 Bd7 15. Bd2 Qe7 16. Rac1 Rac8 17. Qb3 Rfd8 18. Ncxd5 cxd5 19. Bxb4 Qxb4 20. Qxb4 axb4 21. b3 Kf8 22. f4 Ke7 23. Kf2 Be8 24. Ke2 Nd7 25. Kd2 Nb8 26. Rxc8 Rxc8 27. Rc1 Nc6 28. Bf1 Bd7 29. Nc2 Na5 30. Na1 Rg8 31. Rc5 Nc6 32. Nc2 g5 33. fxg5 hxg5 34. Bb5 Rh8 35. Bxc6 Rxh2+ 36. Kd3 Bxc6 37. Nxb4 Bd7 38. Rc7 Rh3 39. Rxb7 Rxg3+ 40. Kc2 Kd8 41. a5 Rg2+ 42. Kb1 Kc8 43. a6 Rh2 44. Rb6 Kc7 45. Rb7+ Kc8 46. Nd3 g4 47. Nc5 Bc6 48. Rg7 Kb8 49. b4 Rd2 50. Nxe6 Rd3 51. b5 Rb3+ 52. Kc2 Rxb5 53. a7+ Ka8 54. Nc7+ Kxa7 55. Nxb5+ Kb6 56. Nd6 Ba4+ 57. Kd3 Bd1 58. e6 g3 59. e7 1-0

[Event "European Online Club-ch-H 2021"]
[Site "Online"]
[Date "2021.03.27"]
[Round "6.3"]
[White "Sertbay, Huseyin"]
[Black "Zambor, Norbert"]
[Result "1-0"]
[ECO "A56"]
[WhiteElo "2101"]
[BlackElo "2260"]
[Annotator "NA"]
[PlyCount "179"]
[EventDate "2021.03.27"]
[EventType "team-tourn"]
[EventCountry "NET"]
[SourceTitle "playchess.com"]
[Source "ChessBase"]
[SourceQuality "1"]
[TimeControl "900+5"]

1. d4 c5 2. d5 d6 3. c4 Nf6 4. Nc3 g6 5. h3 Bg7 6. Nf3 O-O 7. Bf4 Na6 8. e3 Nc7 9. Be2 a6 10. a4 Rb8 11. O-O Bd7 12. a5 b5 13. axb6 Rxb6 14. Qc2 Qb8 15. Rfb1 Qb7 16. Nd2 Rb8 17. b3 Bf5 18. e4 Bd7 19. Ra3 e6 20. Bg3 exd5 21. cxd5 Nb5 22. Nxb5 Bxb5 23. Bc4 Nd7 24. f4 Nf6 25. Re1 Nh5 26. Bh2 Bd4+ 27. Kh1 Bf2 28. Rf1 Ng3+ 29. Bxg3 Bxg3 30. Qd3 Bh4 31. e5 Bxc4 32. bxc4 Re8 33. exd6 Rxd6 34. Ne4 Rdd8 35. Nxc5 Qb2 36. Qf3 Qd4 37. Nxa6 Qxc4 38. f5 Rf8 39. Rd1 Rd6 40. Qd3 Qxd3 41. Rdxd3 Ra8 42. Ra4 Bf6 43. Nc5 Rxa4 44. Nxa4 Ra6 45. Nc5 Ra1+ 46. Kh2 Be5+ 47. g3 Ra2+ 48. Kh1 Ra1+ 49. Kg2 Ra2+ 50. Kf3 Bd6 51. Ne4 Ra6 52. Nxd6 Rxd6 53. Ke4 Kf8 54. Ke5 Ke7 55. fxg6 hxg6 56. Ra3 f6+ 57. Ke4 Rb6 58. Kd4 Kd6 59. Kc4 f5 60. h4 Ke5 61. Re3+ Kf6 62. Kc5 Rb1 63. d6 Rc1+ 64. Kb6 Rd1 65. Kc7 Rc1+ 66. Kd8 g5 67. h5 f4 68. gxf4 gxf4 69. Re7 f3 70. Re8 Kg5 71. Rf8 Kxh5 72. Rxf3 Kg4 73. Rf2 Kg5 74. d7 Kg6 75. Rf4 Kg7 76. Ke7 Re1+ 77. Kd6 Rd1+ 78. Kc6 Kg8 79. Rf5 Rc1+ 80. Kd6 Rd1+ 81. Rd5 Rxd5+ 82. Kxd5 Kf7 83. d8=Q Kg6 84. Qf8 Kh7 85. Qf2 Kg6 86. Ke6 Kg5 87. Qf3 Kh4 88. Qg2 Kh5 89. Kf5 Kh4 90. Qg4# 1-0

[Event "European Online Club-ch-H 2021"]
[Site "Online"]
[Date "2021.03.27"]
[Round "6.4"]
[White "Kusiak, Matej"]
[Black "Atasoy, Ata"]
[Result "1-0"]
[ECO "B41"]
[WhiteElo "2251"]
[BlackElo "1636"]
[Annotator "NA"]
[PlyCount "139"]
[EventDate "2021.03.27"]
[EventType "team-tourn"]
[EventCountry "NET"]
[SourceTitle "playchess.com"]
[Source "ChessBase"]
[SourceQuality "1"]
[TimeControl "900+5"]

1. e4 c5 2. Nf3 e6 3. d4 cxd4 4. Nxd4 a6 5. c4 Nf6 6. Nc3 Qc7 7. a3 b6 8. Bd3 Bb7 9. O-O Be7 10. Re1 d6 11. Be3 O-O 12. Rc1 Nbd7 13. f3 Rac8 14. Bf1 Rfe8 15. Qd2 Qb8 16. h3 Bd8 17. Bf2 Bc7 18. f4 Nc5 19. Qc2 g6 20. b4 Ncd7 21. f5 exf5 22. exf5 Ne5 23. fxg6 hxg6 24. Bh4 Nfd7 25. Qf2 Bd8 26. Bxd8 Rexd8 27. Ne4 Bxe4 28. Rxe4 d5 29. Rh4 dxc4 30. Qf4 Qd6 31. Qh6 Qf6 32. Qh7+ Kf8 33. Be2 Qg7 34. Rf1 Qxh7 35. Rxh7 Kg8 36. Rh4 Nb8 37. Re4 Nbc6 38. Nxc6 Nxc6 39. Bxc4 Rc7 40. Bxa6 Rd2 41. Rc4 Ra7 42. b5 Ne5 43. Re4 Rd5 44. a4 Kg7 45. Rfe1 f6 46. Rc1 Rd2 47. Kf1 Ra2 48. Rd1 Ra3 49. Red4 Re7 50. Re1 Rc7 51. Rd2 Rcc3 52. Rd6 Nd3 53. Re7+ Kh6 54. Kg1 Rc2 55. Rxf6 Raa2 56. Bb7 Kg5 57. Rf1 Nf4 58. h4+ Kf6 59. Re8 g5 60. hxg5+ Kxg5 61. Rg8+ Ng6 62. Be4 Rd2 63. Rxg6+ Kh5 64. Rg3 Rxa4 65. Rf5+ Kh4 66. Rh3+ Kg4 67. Re5 Kf4 68. Re8 Re2 69. Rf3+ Kg5 70. Rg8+ 1-0

[Event "European Online Club-ch-H 2021"]
[Site "Online"]
[Date "2021.03.27"]
[Round "6.5"]
[White "Vaisser, Anatoly"]
[Black "Kazakov, Mikhail"]
[Result "0-1"]
[ECO "D10"]
[WhiteElo "2501"]
[BlackElo "2516"]
[Annotator "ChessBase"]
[PlyCount "70"]
[EventDate "2021.03.27"]
[EventType "team-tourn"]
[EventCountry "NET"]
[SourceTitle "playchess.com"]
[Source "ChessBase"]
[SourceQuality "1"]
[TimeControl "900+5"]

1. d4 d5 2. c4 c6 3. cxd5 cxd5 4. Bf4 Nf6 5. e3 Nc6 6. Nc3 a6 7. Bd3 e6 8. Rc1 Be7 9. h3 O-O 10. Nf3 Bd7 11. g4 Rc8 12. g5 Nh5 13. Bh2 g6 14. h4 b5 15. Ne5 Nxe5 16. Bxe5 b4 17. Ne2 Rxc1 18. Nxc1 Bb5 19. Bxb5 axb5 20. Nd3 Qa5 21. Qb3 Rc8 22. Ke2 Rc4 23. Bh2 Ng7 24. Ne5 Qa8 25. Rd1 Nf5 26. Nxc4 bxc4 27. Qc2 Qxa2 28. e4 dxe4 29. d5 exd5 30. Rxd5 c3 31. Qxe4 cxb2 32. Rd8+ Bxd8 33. Qe8+ Kg7 34. Be5+ f6 35. Qd7+ Qf7 0-1

[Event "European Online Club-ch-H 2021"]
[Site "Online"]
[Date "2021.03.27"]
[Round "6.6"]
[White "Sabuk, Piotr"]
[Black "Roux, Olivier"]
[Result "1-0"]
[ECO "A43"]
[WhiteElo "2366"]
[BlackElo "2156"]
[Annotator "NA"]
[PlyCount "89"]
[EventDate "2021.03.27"]
[EventType "team-tourn"]
[EventCountry "NET"]
[SourceTitle "playchess.com"]
[Source "ChessBase"]
[SourceQuality "1"]
[TimeControl "900+5"]

1. d4 c5 2. d5 Nf6 3. Nc3 d6 4. e4 g6 5. Nf3 Bg7 6. Be2 O-O 7. O-O Bg4 8. h3 Bxf3 9. Bxf3 Nbd7 10. Be2 a6 11. a4 b6 12. Be3 Qc7 13. Qd2 Rfd8 14. b3 Qb7 15. Rad1 Rac8 16. f3 Ne8 17. f4 Nc7 18. Bf3 b5 19. e5 Nf8 20. e6 fxe6 21. dxe6 Bxc3 22. Qxc3 d5 23. f5 Qb6 24. Bxc5 Qc6 25. Qe3 gxf5 26. Bxe7 Re8 27. Qg5+ Ng6 28. Bf6 Qxe6 29. Bd4 Rcd8 30. h4 Qd6 31. h5 Ne6 32. Qxf5 Nxd4 33. Rxd4 Ne5 34. Bxd5+ Kh8 35. Rfd1 Rf8 36. Qxh7+ Kxh7 37. Be4+ Kh6 38. Rxd6+ Rxd6 39. Rxd6+ Kxh5 40. a5 Kg4 41. Rxa6 Kf4 42. Bd5 Ke3 43. Re6 Kd4 44. Bb7 Ng4 45. Re4+ 1-0

[Event "European Online Club-ch-H 2021"]
[Site "Online"]
[Date "2021.03.27"]
[Round "6.7"]
[White "Kirszenberg, Marc"]
[Black "Valuet, Bertrand"]
[Result "1/2-1/2"]
[ECO "E25"]
[WhiteElo "2130"]
[BlackElo "2217"]
[Annotator "NA"]
[PlyCount "61"]
[EventDate "2021.03.27"]
[EventType "team-tourn"]
[EventCountry "NET"]
[SourceTitle "playchess.com"]
[Source "ChessBase"]
[SourceQuality "1"]
[TimeControl "900+5"]

1. d4 Nf6 2. c4 e6 3. Nc3 Bb4 4. f3 d5 5. a3 Bxc3+ 6. bxc3 c5 7. cxd5 Nxd5 8. dxc5 f5 9. c4 Qh4+ 10. g3 Qxc4 11. e4 Qc3+ 12. Bd2 Qe5 13. Bg2 fxe4 14. f4 Qf5 15. Qc2 Nf6 16. Be3 O-O 17. Nh3 Nd5 18. Qd2 Nd7 19. Ng5 Nxe3 20. Qxe3 Nxc5 21. Nxe4 Nxe4 22. Bxe4 Qa5+ 23. Kf2 Bd7 24. Rhc1 e5 25. Rc5 Qa4 26. Rxe5 Rae8 27. Bd5+ Kh8 28. Re1 Rxe5 29. Qxe5 Qxa3 30. Bxb7 Bg4 31. Qe7 1/2-1/2

[Event "European Online Club-ch-H 2021"]
[Site "Online"]
[Date "2021.03.27"]
[Round "6.8"]
[White "Santamaria, Jorge"]
[Black "Coupet, Pascal"]
[Result "1-0"]
[ECO "D02"]
[WhiteElo "2185"]
[BlackElo "2233"]
[Annotator "NA"]
[PlyCount "65"]
[EventDate "2021.03.27"]
[EventType "team-tourn"]
[EventCountry "NET"]
[SourceTitle "playchess.com"]
[Source "ChessBase"]
[SourceQuality "1"]
[TimeControl "900+5"]

1. g3 d5 2. Nf3 Nc6 3. d4 g6 4. Bg2 Bg7 5. O-O Bg4 6. c3 Qd7 7. a4 h5 8. h4 Nh6 9. a5 O-O 10. Nbd2 Rad8 11. Re1 Rfe8 12. Qb3 b6 13. axb6 axb6 14. e4 dxe4 15. Nxe4 e5 16. Bxh6 Bxf3 17. Bxf3 Qf5 18. Ng5 Na5 19. Qxf7+ Qxf7 20. Nxf7 Kxf7 21. Bxg7 Kxg7 22. Rad1 exd4 23. Rxe8 Rxe8 24. Rxd4 Re7 25. Bd5 c6 26. Bf3 c5 27. Rf4 Nb3 28. Kg2 Nd2 29. Bd5 b5 30. b4 Nb1 31. bxc5 Nxc3 32. Bf3 Rb7 33. Bxb7 1-0

[Event "European Online Club-ch-H 2021"]
[Site "Online"]
[Date "2021.03.27"]
[Round "6.10"]
[White "Bromann, Thorbjorn"]
[Black "Eljanov, Pavel"]
[Result "0-1"]
[ECO "D01"]
[WhiteElo "2392"]
[BlackElo "2672"]
[Annotator "ChessBase"]
[PlyCount "92"]
[EventDate "2021.03.27"]
[EventType "team-tourn"]
[EventCountry "NET"]
[SourceTitle "playchess.com"]
[Source "ChessBase"]
[SourceQuality "1"]
[TimeControl "900+5"]

1. d4 Nf6 2. Nc3 d5 3. Bg5 h6 4. Bxf6 exf6 5. e3 c6 6. Bd3 Nd7 7. Qf3 g6 8. g4 h5 9. h3 Nb6 10. gxh5 Rxh5 11. Nge2 Bd6 12. O-O-O f5 13. Ng3 Rh4 14. Nce2 Be6 15. Qg2 Nd7 16. f4 Qc7 17. Ng1 Nf6 18. Nf3 Rh6 19. h4 O-O-O 20. Rh3 Rdh8 21. Rdh1 c5 22. dxc5 Bxc5 23. Nf1 d4 24. exd4 Qxf4+ 25. Qd2 Bd6 26. Ne3 Ng4 27. Re1 Kb8 28. d5 Bd7 29. Ng5 Rxh4 30. Rxh4 Rxh4 31. Nxf7 Bb4 32. c3 Rh2 33. Re2 Rxe2 34. Bxe2 Nxe3 35. cxb4 Nxd5 36. a3 Kc7 37. Qxf4+ Nxf4 38. Bf3 Bc6 39. Bxc6 Kxc6 40. Kd2 Kd5 41. Ke3 Ne6 42. b3 g5 43. b5 b6 44. Nh6 Nd4 45. a4 f4+ 46. Kd3 Nxb3 0-1

[Event "European Online Club-ch-H 2021"]
[Site "Online"]
[Date "2021.03.27"]
[Round "6.11"]
[White "Kuzubov, Yuriy"]
[Black "Aabling-Thomsen, Jakob"]
[Result "1-0"]
[ECO "B07"]
[WhiteElo "2642"]
[BlackElo "2348"]
[Annotator "ChessBase"]
[PlyCount "93"]
[EventDate "2021.03.27"]
[EventType "team-tourn"]
[EventCountry "NET"]
[SourceTitle "playchess.com"]
[Source "ChessBase"]
[SourceQuality "1"]
[TimeControl "900+5"]

1. d4 Nf6 2. Nf3 g6 3. Nbd2 Bg7 4. e4 d6 5. Be2 O-O 6. O-O Nc6 7. c3 e5 8. dxe5 dxe5 9. Re1 h6 10. Qc2 Nh5 11. Bb5 Qf6 12. Nf1 Bg4 13. N3d2 a6 14. Ba4 Nf4 15. f3 Be6 16. Bb3 Rad8 17. Ne3 h5 18. Ndf1 Bh6 19. Bxe6 fxe6 20. Rd1 Qg5 21. g3 Rxd1 22. Nxd1 h4 23. Nf2 hxg3 24. hxg3 Kg7 25. Ng4 Rh8 26. gxf4 exf4 27. Nfh2 Qh5 28. Qg2 Bg5 29. Bd2 e5 30. Be1 Rd8 31. Qe2 Bh4 32. Rd1 Rd6 33. Rd5 Bg3 34. Bxg3 fxg3 35. Nf1 Qh4 36. Rxd6 cxd6 37. Qd2 Nd8 38. Qxd6 Nf7 39. Qd7 Qg5 40. Kg2 b5 41. Nxg3 b4 42. cxb4 Qc1 43. Qe7 Qd2+ 44. Kh3 Qf4 45. a4 Kg8 46. Nf6+ Kg7 47. Nfh5+ 1-0